 Dungeon Crawl Stone Soup version 0.30-a0-913-g9934a0ce24 (webtiles) character file.

Game seed: 8131358170322271014

6360 jlumianski the Cleaver (level 10, -11/120 HPs)
             Began as a Demonspawn Fighter on Mar 20, 2023.
             Was a Believer of Qazlal.
             Mangled by a death yak (15 damage)
             ... on level 9 of the Dungeon.
             The game lasted 00:28:53 (9066 turns).

jlumianski the Cleaver (Demonspawn Fighter)         Turns: 9066, Time: 00:28:53

Health: -11/120    AC: 20    Str: 20    XL:     10   Next: 65%
Magic:  14/14      EV:  7    Int: 11    God:    Qazlal [**....]
Gold:   418        SH: 11    Dex: 12    Spells: 9/9 levels left

rFire   + . .      SeeInvis .    L - +3 war axe (freeze)
rCold   . . .      Faith    .    c - +0 buckler
rNeg    . . .      Spirit   .    f - +0 plate armour
rPois   .          Reflect  .    (no helmet)
rElec   .          Rampage  .    d - +0 cloak
rCorr   +                        C - +0 pair of gloves
Will    .....                    v - +1 pair of boots Stlth
                                 (no amulet)
HPRegen 0.40/turn                m - ring of resist corrosion
MPRegen 0.28/turn                H - +4 ring of protection

@: berserking, very quick
A: icemail 1, magic regeneration, sturdy frame 1, condensation shield, weakness
stinger 1, camouflage 1, deformed body, fire resistance 1
a: Renounce Religion, Upheaval


You were on level 9 of the Dungeon.
You worshipped Qazlal.
Qazlal was pleased with you.
You visited 1 branch of the dungeon, and saw 10 of its levels.

You collected 418 gold pieces.

Inventory:

Hand Weapons
 a - a +1 war axe of venom
 K - a +2 whip of flaming
 L - a +3 war axe of freezing (weapon)
Missiles
 o - 2 atropa-tipped darts
 q - 8 boomerangs
 r - 2 throwing nets
 B - 43 poisoned darts (quivered)
 J - 3 curare-tipped darts
Armour
 c - a +0 buckler (worn)
 d - a +0 cloak (worn)
 f - a +0 plate armour (worn)
 v - a +1 pair of boots (worn)
 C - a +0 pair of gloves (worn)
Jewellery
 m - a ring of resist corrosion (left hand)
 n - a ring of flight
 H - a +4 ring of protection (right hand)
Wands
 w - a wand of quicksilver (8)
 A - a wand of iceblast (3)
 E - a wand of flame (38)
Scrolls
 x - 3 scrolls of magic mapping
 y - a scroll of butterflies
 z - 3 scrolls of teleportation
Potions
 e - 2 potions of heal wounds
 g - a potion of curing
 h - 3 potions of attraction
 p - 3 potions of might
 D - a potion of flight
 F - a potion of invisibility {unknown}
 G - 2 potions of cancellation


   Skills:
 * Level 7.6 Fighting
 + Level 8.5 Axes
 + Level 1.1 Throwing
 + Level 6.5 Armour
 + Level 1.4 Dodging
 + Level 0.2 Stealth
 + Level 5.6 Shields
 * Level 6.0 Invocations
 * Level 5.5 Evocations


You had 9 spell levels left.
You didn't know any spells.
Your spell library contained the following spells:

 Spells                   Type           Power      Damage    Failure   Level
 Slow                     Hex            0%         N/A       99%         1
 Sublimation of Blood     Necr           0%         N/A       100%        2
 Wereblood                Tmut           0%         N/A       100%        2
 Confusing Touch          Hex            0%         N/A       100%        3
 Frozen Ramparts          Ice            0%         1d1       100%        3
 Vampiric Draining        Necr           0%         2d6       100%        3
 Ice Form                 Ice/Tmut       0%         N/A       100%        4
 Summon Ice Beast         Ice/Summ       0%         N/A       100%        4
 Summon Forest            Summ/Tloc      0%         N/A       100%        5
 Eringya's Noxious Bog    Tmut/Pois      0%         N/A       100%        6
 Summon Hydra             Summ           0%         N/A       100%        7


Dungeon Overview and Level Annotations

Branches:
Dungeon (10/15)            Temple (0/1) D:7            Lair (0/5) D:9
    Orc: D:9-12

Altars:
Gozag
Hepliaklqana
Qazlal
Vehumet
Wu Jian
Xom

Annotations:
D:9 Maurice


Innate Abilities, Weirdness & Mutations

A meltable icy envelope protects you from harm. (AC +4)
You regenerate magic rapidly.
Your movements are slightly less encumbered by armour. (ER -2)
A meltable shield of frost defends you. (SH +4)
You have a small tail.
Your skin changes colour to match your surroundings (Stealth+).
Armour fits poorly on your strangely shaped body.
Your flesh is heat resistant. (rF+)


Message History

You hit the death yak. You freeze the death yak.
The death yak is moderately wounded.
You block the death yak's attack.
You barely miss the death yak.
The death yak is moderately wounded.
You block the death yak's attack.
The death yak gores you but does no damage.
You hit the death yak but do no damage.
Your tail-slap misses the death yak.
The death yak is moderately wounded.
The death yak gores you!
* * * LOW HITPOINT WARNING * * *
Okay, then.
Unknown command.
Unknown command.
Aiming: Quicksilver Bolt
Press: ? - help, Shift-Dir - straight line, f/p - death yak
Aim: a death yak (moderately wounded, 91% to hit)
Okay, then.
Unknown command.
Unknown command.
Okay, then.
Unknown command.
As you read the scroll of fear, it crumbles to dust.
You assume a fearsome visage.
The death yak easily resists.
The death yak completely misses you.
Okay, then.
Unknown command.
A red film seems to cover your vision as you go berserk!
You feel yourself moving faster!
You feel mighty! The death yak gores you!
* * * LOW HITPOINT WARNING * * *
You slash the death yak! You freeze the death yak. You tail-slap the death yak.
The death yak is heavily wounded.
You slash the death yak! You freeze the death yak.
The death yak is heavily wounded.
The death yak gores you!
* * * LOW HITPOINT WARNING * * *
You barely miss the death yak. You tail-slap the death yak.
The death yak is severely wounded.
The death yak gores you!
You die...

#.##.........###.##.
#.#..###'###........
#.#..# #.# #.##...#.
#....###.###.#.....
#....+.._###.##...##
###..###.###.###.##
#..# #.# #.# #.#
#§.###'###.# #.#
#@Y(.......###+##
#°..#.##.####...##
#.....##.###.....#
#.##.###..........
#......###........
#........'........
#......###........
#....#.# ##.......
##.#. ##.....#


You could see a death yak.

Vanquished Creatures
  A two-headed ogre (D:9)
  Pikel (D:6)
  Grinder (D:6)
  2 hornets
  Sigmund (D:2)
  A wyvern (D:9)
  A steam dragon (D:8)
  2 vampire mosquitoes (D:10)
  Menkaure (D:7)
  A water moccasin (D:8)
  An acid dragon (D:9)
  3 black bears
  3 orc warriors
  A sky beast (D:7)
  3 ogres
  3 centaurs
  4 lemures
  2 kobold brigands
  Blork the orc (D:6)
  4 bullfrogs
  4 scorpions
  2 gnoll sergeants
  5 wights (D:7)
  9 killer bees
  2 howler monkeys
  4 crimson imps (D:3)
  3 hounds
  Crazy Yiuf (D:6)
  5 orc priests
  2 jellies
  An iguana (D:6)
  7 orc wizards
  7 adders
  17 gnolls
  2 river rats (D:9)
  A shadow imp (D:6)
  An ufetubus (D:6)
  2 dart slugs (D:1)
  19 orcs
  5 endoplasms
  4 giant cockroaches
  10 goblins
  7 hobgoblins
  17 kobolds
  3 quokkas
  11 ball pythons
  7 bats
  2 frilled lizards
  2 rats
199 creatures vanquished.

Notes
Turn   | Place    | Note
-------+----------+-------------------------------------------
     0 | D:1      | jlumianski the Demonspawn Fighter began the quest for the
                  | Orb.
     0 | D:1      | Reached XP level 1. HP: 18/18 MP: 1/1
    67 | D:2      | Gained mutation: You regenerate magic rapidly. [demonic
                  | ancestry]
    67 | D:2      | Reached XP level 2. HP: 20/24 MP: 2/2
   199 | D:1      | Reached skill level 2 in Axes
   321 | D:1      | Reached XP level 3. HP: 29/29 MP: 3/3
   359 | D:2      | Found an ornate altar of the Wu Jian Council.
   884 | D:2      | Noticed Sigmund
   895 | D:2      | Killed Sigmund
   896 | D:2      | Reached skill level 3 in Axes
   896 | D:2      | Gained mutation: A meltable shield of frost defends you.
                  | (SH +4) [demonic ancestry]
   896 | D:2      | Reached XP level 4. HP: 37/37 MP: 4/4
   896 | D:2      | Reached XP level 5. HP: 42/42 MP: 5/5
  1360 | D:2      | Gained mutation: Your movements are slightly less
                  | encumbered by armour. (ER -2) [demonic ancestry]
  1360 | D:2      | Reached XP level 6. HP: 6/48 MP: 6/6
  1665 | D:2      | Identified the staff of air "Fozime" {Fragile rElec rPois
                  | Str+5}
  2211 | D:3      | Found a shimmering altar of Xom.
  2218 | D:3      | Reached skill level 4 in Axes
  2345 | D:4      | Reached XP level 7. HP: 40/55 MP: 7/7
  2672 | D:5      | Entered Level 5 of the Dungeon
  2831 | D:4      | Reached skill level 5 in Axes
  3216 | D:5      | Found a hazy altar of Hepliaklqana.
  3334 | D:6      | Reached skill level 1 in Evocations
  3353 | D:6      | Reached skill level 5 in Fighting
  3695 | D:5      | Reached XP level 8. HP: 51/62 MP: 8/8
  3932 | D:5      | Reached skill level 6 in Axes
  4338 | D:6      | Found a runed translucent door.
  4339 | D:6      | Noticed Crazy Yiuf
  4580 | D:6      | Found a stormy altar of Qazlal.
  4583 | D:6      | Noticed an air elemental
  4588 | D:6      | Became a worshipper of Qazlal Stormbringer
  4603 | D:6      | Reached skill level 1 in Invocations
  4779 | D:6      | Noticed Pikel
  4855 | D:5      | Reached skill level 1 in Dodging
  4924 | D:6      | Killed Pikel
  4925 | D:6      | Reached skill level 5 in Armour
  4925 | D:6      | Gained mutation: A meltable icy envelope protects you from
                  | harm. (AC +4) [demonic ancestry]
  4925 | D:6      | Reached XP level 9. HP: 47/69 MP: 10/10
  5014 | D:7      | Reached skill level 7 in Axes
  5087 | D:7      | HP: 2/64 [wight/+5 long sword (8)]
  5444 | D:6      | Noticed Grinder
  5453 | D:6      | Killed Grinder
  5454 | D:6      | Reached skill level 5 in Shields
  5510 | D:6      | Noticed a cyclops
  5606 | D:6      | HP: 1/71 [killer bee (5)]
  5920 | D:6      | Noticed Blork the orc
  5926 | D:6      | Killed Blork the orc
  6136 | D:6      | Killed Crazy Yiuf
  6267 | D:6      | Gained mutation: Your skin changes colour to match your
                  | surroundings (Stealth+). [potion of mutation]
  6267 | D:6      | Gained mutation: Armour fits poorly on your strangely
                  | shaped body. [potion of mutation]
  6267 | D:6      | Gained mutation: Your flesh is heat resistant. (rF+)
                  | [potion of mutation]
  6496 | D:7      | Noticed Menkaure
  6502 | D:7      | Killed Menkaure
  6520 | D:7      | Reached * piety under Qazlal
  6770 | D:9      | Noticed Maurice
  6825 | D:7      | Found a staircase to the Ecumenical Temple.
  6896 | D:7      | Gained mutation: You have a small tail. [demonic ancestry]
  6896 | D:7      | Reached XP level 10. HP: 77/77 MP: 13/13
  6992 | D:7      | You are sucked into a shaft and drop 2 floors!
  7084 | D:7      | Reached skill level 1 in Throwing
  7336 | D:10     | Entered Level 10 of the Dungeon
  7423 | D:10     | Reached skill level 8 in Axes
  7423 | D:10     | Reached skill level 5 in Invocations
  7637 | D:8      | Found a radiant altar of Vehumet.
  7647 | D:8      | Reached ** piety under Qazlal
  7849 | D:8      | Reached skill level 5 in Evocations
  8215 | D:9      | Found an opulent altar of Gozag.
  8347 | D:9      | Found a staircase to the Lair.
  8465 | D:9      | Noticed a two-headed ogre
  8483 | D:9      | Killed a two-headed ogre
  9037 | D:9      | Noticed a death yak
  9037 | D:9      | Noticed a death yak
  9065 | D:9      | HP: 3/120 [death yak (9)]
  9066 | D:9      | Mangled by a death yak

Illustrated notes

Levels and vault maps discovered:
D:1:      lemuel_arrival_muddy, layout_basic
D:2:      layout_loops_corners, basic_altar, minmay_hexomino_p4, uniq_sigmund
D:3:      layout_rooms, led_xom_imps
D:4:      layout_rooms, nicolae_figureground_pulse
D:5:      layout_rooms, old_standard_altar, serial_curves, eino_curves_03,
          eino_curves_01, kennysheep_generic_room_14
D:6:      layout_loops_ring, nicolae_qazlal_style_of_elements,
          lightli_corner_chamber, uniq_crazy_yiuf_cottage, uniq_blork_the_orc,
          uniq_grinder, uniq_pikel
D:7:      layout_rooms, minmay_temple_entry_drinking_statues, uniq_menkaure
D:8:      layout_rooms, mainiacjoe_overflow_24_doors
D:9:      layout_loops_corners, lemuel_doored_altar, dpeg_lair_monsters,
          uniq_maurice
D:10:     layout_basic, orc_0_dummy, serial_co_window_serial, co_window_paths_a,
          co_window_paths_b, co_window_cross_1, co_window_corner_a,
          co_window_of_opportunity_a, co_window_corner_b, co_window_paths_c,
          co_window_corner_ca, co_window_of_opportunity_b, co_window_2corner,
          co_window_paths_c, co_window_unsneaky_path_e, small_statue_alley_a

Skill      XL: |  1  2  3  4  5  6  7  8  9 10 |
---------------+-------------------------------+-----
Armour         | 3 4 5 6 |  6.5
Axes           | 2 3 4 5 6 7 8 |  8.5
Shields        | 3 4 5 |  5.6
Fighting       | 4 5 6 7 |  7.6
Evocations     | 1 3 4 5 |  5.5
Invocations    | 2 4 6 |  6.0
Dodging        | 1 |  1.4
Throwing       | 1 |  1.1
Stealth        | |  0.2

Action                     |  1- 3 |  4- 6 |  7- 9 | 10-12 || total
---------------------------+-------+-------+-------+-------++-------
  Melee: War axe           |    72 |    94 |   367 |   131 ||   664
         Tailslap          |       |       |       |    18 ||    18
  Throw: Boomerang         |       |       |    15 |       ||    15
         Dart              |       |       |       |     5 ||     5
  Evoke: Wand              |       |       |     4 |       ||     4
    Use: Potion            |     1 |     1 |     5 |     1 ||     8
         Scroll            |       |     6 |    11 |     2 ||    19
 Armour: Plate armour      |    78 |    56 |   222 |   101 ||   457
         Scale mail        |     1 |       |       |       ||     1
  Dodge: Dodged            |    22 |    27 |   105 |    44 ||   198
  Block: Buckler           |    21 |    50 |   214 |   107 ||   392

Table legend: (Time is in decaauts)
 A = Elapsed time spent in this place.
 B = Non-inter-level travel time spent in this place.
 C = Inter-level travel time spent in this place.
 D = Time resting spent in this place.
 E = Time spent auto-exploring this place.
 F = Levels seen in this place.
 G = Mean time per level.
                   A        B        C        D        E       F      G
               +--------+--------+--------+--------+--------+-----+--------+
         Total |   9272 |   9094 |    178 |    674 |   5420 |  10 |  927.2 |
       Dungeon |   9272 |   9094 |    178 |    674 |   5420 |  10 |  927.2 |
               +--------+--------+--------+--------+--------+-----+--------+

Top non-repeatable levels by time:
     D:6: 2114 daAuts
     D:2: 1133 daAuts
     D:7: 1056 daAuts
     D:5: 883 daAuts
     D:1: 867 daAuts
     D:9: 863 daAuts
     D:8: 815 daAuts
     D:3: 674 daAuts
     D:4: 609 daAuts
    D:10: 254 daAuts
